 Dungeon Crawl Stone Soup version 0.24.0-123-gd5b16e6ec5 (webtiles) character file.

Game seed: 9574420794339743915, levelgen mode: deterministic

106 Emblim88 the Insei (level 4, 0/29 HPs)
             Began as an Octopode Transmuter on Jan 12, 2020.
             Slain by an orc
             ... wielding a +0 hand axe
              (2 damage)
             ... on level 3 of the Dungeon.
             The game lasted 00:02:31 (1669 turns).

Emblim88 the Insei (Octopode Transmuter)            Turns: 1669, Time: 00:02:31

Health: 0/29       AC:  2    Str:  9    XL:     4   Next: 84%
Magic:  4/7        EV: 20    Int: 16    God:
Gold:   146        SH:  0    Dex: 17    Spells: 4/8 levels left

rFire    . . .     SeeInvis .     - Unarmed
rCold    . . .     Gourm    .   (shield currently unavailable)
rNeg     . . .     Faith    .   (helmet currently unavailable)
rPois    x         Spirit   .   (no amulet)
rElec    .         Reflect  .   (no ring)
rCorr    .         Harm     .   (no ring)
MR       .....                  (no ring)
Stlth    ++........             (no ring)
HPRegen  0.09/turn              (no ring)
MPRegen  0.10/turn              (no ring)
                                (no ring)
                                (no ring)

@: spider-form (expiring)
A: tiny, almost no armour, stealthy swim, (amphibious), 8 rings, (constrict 8)
a: End Transformation


You were on level 3 of the Dungeon.
You were hungry.
You were a venomous arachnid creature.
You visited 1 branch of the dungeon, and saw 3 of its levels.

You collected 146 gold pieces.

Inventory:

Hand Weapons
 i - a +0 club
 p - a +0 short sword of flaming (melded)
Missiles
 a - 32 arrows
Jewellery
 m - an uncursed amulet of the gourmand {unknown}
 o - an uncursed amulet of the acrobat {unknown}
Scrolls
 b - 2 scrolls of identify {unknown}
 d - a scroll of immolation {unknown}
 g - 4 scrolls of fog {unknown}
 j - a scroll of remove curse {unknown}
 l - 2 scrolls of teleportation {unknown}
 n - a scroll of random uselessness {unknown}
Potions
 e - a potion of lignification {unknown}
 f - a potion of degeneration {unknown}
 h - a potion of ambrosia {unknown}
Comestibles
 c - 4 rations


   Skills:
 + Level 2.0 Fighting
 + Level 2.7 Dodging
 + Level 2.3 Stealth
 + Level 3.4 Unarmed Combat
 + Level 2.5 Spellcasting
 + Level 2.6 Transmutations


You had 4 spell levels left.
You knew the following spells:

 Your Spells              Type           Power        Failure   Level  Hunger
a - Beastly Appendage     Tmut           ##....       19%         1    #......
b - Spider Form           Tmut/Pois      #.........   56%         3    ###....

Your spell library contained the following spells:

 Spells                   Type           Power        Failure   Level  Hunger
 Sticks to Snakes         Tmut           ##......     26%         2    ##.....
 Ice Form                 Ice/Tmut       #.......     89%         4    #####..
 Blade Hands              Tmut           ##........   96%         5    ######.


Dungeon Overview and Level Annotations

Branches:
Dungeon (3/15)

Altars:
Uskayaw
Zin


Innate Abilities, Weirdness & Mutations

You cannot wear most types of armour.
You are very stealthy in the water. (Stealth+)
((You are amphibious.))
You can wear up to eight rings at the same time.
((You can use your tentacles to constrict eight enemies at once.))
((Your skin changes colour to match your surroundings (Stealth+).))
((Your rubbery body absorbs attacks. (AC +1, EV +1)))


Message History

The orc hits you with a +0 dagger. The orc completely misses you.
Things that are here:
a +0 club; an orc corpse You barely miss the orc.
The orc hits you with a +0 dagger.
You completely miss the orc. The orc completely misses you.
The orc closely misses you.
You hit the orc.
The orc is poisoned.
The orc is moderately wounded.
The orc barely misses you. The orc hits you with a +0 dagger.
You bite the orc!
You kill the orc!
The orc hits you with a +0 falchion. The orc hits you with a +0 hand axe!
* * * LOW HITPOINT WARNING * * *
You are too injured to fight recklessly!
Your transformation is almost over.
The orc priest misses you. The orc hits you with a +0 falchion.
* * * LOW HITPOINT WARNING * * *
You see here a +0 dagger.
You barely miss the orc priest. The orc hits you with a +0 hand axe.
You die...

......## .......#
.......# #######
######.#######
#.....
.............. ....
######.#########.#
.................##
#####.........##)o#
....#.........##so#
[...#.........##o.#
....###........#.w..
÷...#
#........##..##
†...# #........# #.#
....# #####.#### ..
....# #.# #.#
....#######.# ..
..........#.#


You could see a worm, an orc priest and 2 orcs.

Vanquished Creatures
  An orc priest (D:3)
  Jessica (D:2)
  An adder (D:3)
  2 worms
  A dart slug (D:1)
  2 leopard geckos (D:2)
  An orc (D:3)
  3 giant cockroaches (D:2)
  6 goblins
  A hobgoblin (D:1)
  A quokka (D:2)
  A ball python (D:2)
  4 bats
  2 frilled lizards
  4 kobolds
  A rat (D:1)
32 creatures vanquished.

Notes
Turn   | Place    | Note
-------+----------+-------------------------------------------
     0 | D:1      | Emblim88 the Octopode Transmuter began the quest for the
                  | Orb.
     0 | D:1      | Reached XP level 1. HP: 13/13 MP: 3/3
   327 | D:1      | Reached XP level 2. HP: 18/18 MP: 5/5
   328 | D:1      | You fall into a shaft and drop 1 floor!
   329 | D:2      | Noticed a +0 dagger
   480 | D:2      | Noticed a +0 hand axe
   482 | D:2      | Found a hide-covered altar of Uskayaw.
   495 | D:2      | Reached skill level 1 in Stealth
   837 | D:2      | Noticed Jessica
   842 | D:2      | Killed Jessica
   842 | D:2      | Reached XP level 3. HP: 21/23 MP: 6/6
  1113 | D:2      | Found a glowing silver altar of Zin.
  1322 | D:3      | Reached XP level 4. HP: 29/29 MP: 7/7
  1328 | D:3      | Learned a level 3 spell: Spider Form
  1669 | D:3      | Slain by an orc

Levels and vault maps discovered:
D:1:      shiori_arrival_elements, layout_basic, serial_bayou_pond_e
D:2:      layout_basic, zin_academy, dancing_weapons_uskayaw, uniq_jessica
D:3:      layout_basic, lemuel_crystal_altar, first_ration, minmay_diced_spiral

Skill      XL: |  1  2  3  4 |
---------------+-------------+-----
Stealth        | 1 2 |  2.3
Fighting       | 2 |  2.0
Dodging        | |  2.7
Unarmed Combat | |  3.4
Spellcasting   | |  2.5
Transmutations | |  2.6

Action                   |  1- 3 |  4- 6 || total
-------------------------+-------+-------++-------
Melee: Unarmed           |    31 |    11 ||    42
       Constrict         |    18 |     2 ||    20
       Tentacles         |    12 |     1 ||    13
       Punch             |     1 |       ||     1
       Club              |    26 |       ||    26
       Short sword       |     9 |     7 ||    16
 Cast: Spider Form       |       |     2 ||     2
 Stab: Sleeping          |     7 |     2 ||     9
  Eat: Chunk             |     1 |     1 ||     2
Armor: Skin              |     7 |       ||     7
Dodge: Dodged            |    55 |     9 ||    64
